 Dungeon Crawl Stone Soup version 0.28-a0-622-gbaef9634d7 (webtiles) character file.

Game seed: 7975127608599959798

2095 sleeves the Geomancer (level 9, -5/68 HPs)
             Began as a Deep Dwarf Earth Elementalist on Oct 7, 2021.
             Slain by a gnoll sergeant (7 damage)
             ... on level 5 of the Dungeon.
             The game lasted 00:13:46 (6219 turns).

sleeves the Geomancer (DDEE)                        Turns: 6219, Time: 00:13:47

Health: -5/68      AC:  3    Str: 12    XL:     9   Next: 7%
Magic:  1/15       EV: 16    Int: 19    God:
Gold:   253        SH:  0    Dex: 13    Spells: 13/17 levels left

rFire   . . .      SeeInvis .   o - staff of earth
rCold   . . .      Faith    .   (no shield)
rNeg    . . .      Spirit   .   b - +0 robe
rPois   .          Reflect  .   (no helmet)
rElec   .          Harm     .   d - +0 cloak
rCorr   .          Rampage  .   (no gloves)
Will    +....                   (no boots)
Stlth   ++........              t - amulet of the acrobat
HPRegen 0.00/turn               r - +4 ring of evasion
MPRegen 0.14/turn               (no ring)

@: very slightly contaminated
A: damage resistance, heal wounds, sense surroundings 2, no regeneration
a: Heal Wounds


You were on level 5 of the Dungeon.
You visited 1 branch of the dungeon, and saw 5 of its levels.

You collected 253 gold pieces.

Inventory:

Hand Weapons
 e - a +0 hand axe
   (You found it on level 2 of the Dungeon)
 j - a +0 trident
   (You found it on level 2 of the Dungeon)
 u - a +2 whip of venom
   (You took it off a gnoll on level 5 of the Dungeon)
Missiles
 n - 53 stones
 w - 3 throwing nets
Armour
 b - a +0 robe (worn)
 d - a +0 cloak (worn)
   (You found it on level 1 of the Dungeon)
 s - a +0 buckler
   (You found it on level 4 of the Dungeon)
 v - a +0 helmet
   (You found it on level 5 of the Dungeon)
Magical Staves
 o - a staff of earth (weapon)
   (You found it on level 3 of the Dungeon)
Jewellery
 r - a +4 ring of evasion (left hand)
   (You found it on level 4 of the Dungeon)
 t - an amulet of the acrobat (around neck)
   (You found it on level 4 of the Dungeon)
 z - a +4 ring of slaying
   (You found it on level 5 of the Dungeon)
Wands
 f - a wand of acid (6)
   (You found it on level 2 of the Dungeon)
Scrolls
 a - a scroll of vulnerability {unknown}
 h - 2 scrolls of fear {unknown}
 i - 3 scrolls of amnesia {unknown}
 l - a scroll of magic mapping {unknown}
 m - a scroll of enchant weapon {unknown}
 p - 3 scrolls of identify {unknown}
 q - 2 scrolls of enchant armour {unknown}
 x - a scroll of fog {unknown}
 y - a scroll of teleportation {unknown}
Potions
 c - a potion of heal wounds {unknown}
 g - 4 potions of curing {unknown}
 k - 3 potions of degeneration {unknown}


   Skills:
 + Level 5.6 Axes
 - Level 2.1 Dodging
 - Level 2.4 Stealth
 + Level 3.7 Shields
 + Level 4.5 Spellcasting
 + Level 4.9 Conjurations
 - Level 0.8 Transmutations
 + Level 9.5 Earth Magic


You had 13 spell levels left.
You knew the following spells:

 Your Spells              Type           Power      Damage    Failure   Level
a - Sandblast             Erth           100%       2d20      1%          1
b - Stone Arrow           Conj/Erth      94%        3d12      1%          3

Your spell library contained the following spells:

 Spells                   Type           Power      Damage    Failure   Level
 Passwall                 Tmut/Erth      30%        N/A       2%          2
 Petrify                  Tmut/Erth      36%        N/A       16%         4
 Ozocubu's Armour         Ice            4%         N/A       36%         3
 Borgnjor's Vile Clutch   Necr/Erth      16%        N/A       45%         5
 Animate Dead             Necr           2%         N/A       78%         4
 Metabolic Englaciation   Hex/Ice        2%         N/A       98%         5
 Death Channel            Necr           2%         N/A       100%        6
 Simulacrum               Ice/Necr       2%         N/A       100%        6


Dungeon Overview and Level Annotations

Branches:
Dungeon (5/15)
 Temple: D:4-7

Altars:

Shops:
D:2 *   D:5 ([[

Annotations:
D:5 2 runed translucent doors, bande's ghost, novice GrFi


Innate Abilities, Weirdness & Mutations

You are resistant to damage.
You can heal yourself by infusing magical energy.
You passively map the area around you.
You do not regenerate.


Message History

The orc wizard flickers and vanishes!
Deactivating autopickup; reactivate with Ctrl-A.
An orc comes into view. It is wielding a +0 club.
An orc wizard comes into view. It is wielding a +0 dagger.
Casting: Stone Arrow (dangerous; 3% risk of failure)
Confirm with . or Enter, or press ? or * to list all spells.
Aiming: Stone Arrow (dangerous; 3% risk of failure)
Press: ? - help, Shift-Dir - straight line, f - orc priest
Aim: an orc priest, wielding a +0 hand axe (74% to hit)
You feel a surge of power!
You miscast Stone Arrow.
You are very lightly contaminated with residual magic.
Nothing appears to happen.
* * * LOW MAGIC WARNING * * *
Something hits you.
Aiming: Corrosive Bolt
Press: ? - help, Shift-Dir - straight line, f - orc
Aim: an orc, wielding a +0 dagger (71% to hit)
Okay, then.
The orc completely misses you.
Aiming: Corrosive Bolt
Press: ? - help, Shift-Dir - straight line, f - orc wizard, p - orc priest
Aim: an orc wizard, wielding a +0 dagger and wearing a +0 robe (wandering, hasn't noticed you, 64% to hit)
The bolt of acid hits the orc!
You kill the orc!
The bolt of acid hits the orc priest!
You kill the orc priest!
The bolt of acid hits the orc wizard!
You kill the orc wizard!
Something closely misses you.
You have reached level 8!
You feel stronger. Something completely misses you.
You see here a +0 dagger.
The orc hits you but does no damage.
Things that are here:
a +0 giant club; an iguana corpse; an ogre skeleton
There is a stone staircase leading up here.
The orc hits you but does no damage.
Your magical contamination has completely faded away.
You climb upwards.
Reactivating autopickup.
There is a stone staircase leading down here.
A magic dart appears from out of thin air!
Deactivating autopickup; reactivate with Ctrl-A.
The magic dart hits you.
* * * LOW HITPOINT WARNING * * *
There is a stone staircase leading up here.
The orc misses you.
You climb upwards.
Reactivating autopickup.
There is a stone staircase leading down here.
Casting: Stone Arrow (dangerous; 3% risk of failure)
Confirm with . or Enter, or press ? or * to list all spells.
Aiming: Stone Arrow (dangerous; 3% risk of failure)
Press: ? - help, Shift-Dir - straight line, f - orc
Aim: an orc, wielding a +0 club and wearing a +0 leather armour (74% to hit)
You feel a surge of power!
The stone arrow hits the orc!
You kill the orc!
* * * LOW MAGIC WARNING * * *
You start resting.
Magic restored.
You climb downwards.
There is a stone staircase leading up here.
Casting: Stone Arrow (dangerous; 3% risk of failure)
Confirm with . or Enter, or press ? or * to list all spells.
Aiming: Stone Arrow (dangerous; 3% risk of failure)
Press: ? - help, Shift-Dir - straight line, f - orc wizard
Aim: an orc wizard, wielding a +0 dagger and wearing a +0 robe (67% to hit)
You feel a surge of power!
The stone arrow hits the orc wizard!!
You kill the orc wizard!
Magic restored.
Things that are here:
a +0 dagger; a +0 robe Done exploring.
Done exploring.
You see here a +0 dagger of flaming.
There is a stone staircase leading down here.
You climb downwards.
Found a flail.
There is a stone staircase leading up here.
A centaur comes into view.
The centaur shouts!
You hear a shout! x3
The centaur wields a +0 shortbow.
The centaur shoots an arrow.
The arrow hits you.
* * * LOW HITPOINT WARNING * * *
A centaur is nearby!
A centaur is nearby!
A centaur is nearby!
Casting: Stone Arrow (dangerous; 3% risk of failure)
Confirm with . or Enter, or press ? or * to list all spells.
Aiming: Stone Arrow (dangerous; 3% risk of failure)
Press: ? - help, Shift-Dir - straight line, f - centaur
Aim: a centaur, wielding a +0 shortbow and quivering arrows (84% to hit)
You feel a surge of power!
The stone arrow hits the centaur!!
The centaur is almost dead.
Casting: Stone Arrow (dangerous; 3% risk of failure)
Confirm with . or Enter, or press ? or * to list all spells.
Aiming: Stone Arrow (dangerous; 3% risk of failure)
Press: ? - help, Shift-Dir - straight line, f/p - centaur
Aim: a centaur, wielding a +0 shortbow and quivering arrows (almost dead, 84% to hit)
You feel a surge of power!
The stone arrow hits the centaur!
You kill the centaur!
Magic restored.
Things that are here:
a +0 shortbow; 23 arrows; a centaur corpse 2 gnolls and a gnoll shaman come into view.
The gnoll shouts!
A gnoll comes into view. It is wielding a +2 whip of venom.
A gnoll comes into view. It is wielding a +0 spear.
The gnoll moves out of view.
There are monsters nearby!
There are monsters nearby!
There are monsters nearby!
Casting: Stone Arrow (dangerous; 3% risk of failure)
Confirm with . or Enter, or press ? or * to list all spells.
Aiming: Stone Arrow (dangerous; 3% risk of failure)
Press: ? - help, Shift-Dir - straight line, f - gnoll shaman
Aim: a gnoll shaman, wielding a +0 club and wearing a +0 robe (77% to hit)
You feel a surge of power!
The stone arrow hits the gnoll shaman!
The gnoll shaman is almost dead.
The gnoll shouts! x2
Casting: Stone Arrow (dangerous; 3% risk of failure)
Confirm with . or Enter, or press ? or * to list all spells.
Aiming: Stone Arrow (dangerous; 3% risk of failure)
Press: ? - help, Shift-Dir - straight line, f/p - gnoll shaman
Aim: a gnoll shaman, wielding a +0 club and wearing a +0 robe (almost dead, 77% to hit)
You feel a surge of power!
The stone arrow misses the gnoll shaman.
The gnoll shouts!
A gnoll comes into view. It is wielding a +0 whip.
The gnoll shaman mumbles some strange prayers to its god.
The gnoll shaman is healed somewhat.
The gnoll shouts!
Casting: Stone Arrow (dangerous; 3% risk of failure)
Confirm with . or Enter, or press ? or * to list all spells.
Aiming: Stone Arrow (dangerous; 3% risk of failure)
Press: ? - help, Shift-Dir - straight line, f/p - gnoll shaman
Aim: a gnoll shaman, wielding a +0 club and wearing a +0 robe (heavily wounded, 77% to hit)
You feel a surge of power!
The stone arrow hits the gnoll shaman!
You kill the gnoll shaman!
Your Conjurations skill increases to level 4!
There is a stone staircase leading up here.
Casting: Stone Arrow (dangerous; 3% risk of failure)
Confirm with . or Enter, or press ? or * to list all spells.
Aiming: Stone Arrow (dangerous; 3% risk of failure)
Press: ? - help, Shift-Dir - straight line, f - gnoll
Aim: a gnoll, wielding a +0 spear (77% to hit)
You feel a surge of power!
The stone arrow hits the gnoll!
You kill the gnoll!
* * * LOW MAGIC WARNING * * *
Your Shields skill increases to level 2!
Casting: Stone Arrow (dangerous; 3% risk of failure)
Confirm with . or Enter, or press ? or * to list all spells.
You don't have enough magic to cast this spell.
Unknown command.
You climb upwards.
There is a stone staircase leading down here.
You start resting.
Magic restored.
There is a stone staircase leading down here.
You climb downwards.
Level annotation: 2 runed translucent doors
Found Zulluc's Armour Boutique.
Found a stone staircase leading down.
There is a stone staircase leading up here.
There is an entrance to Zulluc's Armour Boutique here.
Menkaure, Prince of Dust comes into view.
Menkaure is nearby!
Menkaure is nearby!
Casting: Stone Arrow (dangerous; 3% risk of failure)
Confirm with . or Enter, or press ? or * to list all spells.
Aiming: Stone Arrow (dangerous; 3% risk of failure)
Press: ? - help, Shift-Dir - straight line, f - Menkaure
Aim: Menkaure (wandering, hasn't noticed you, 88% to hit)
You feel a surge of power!
The stone arrow hits Menkaure!!
Menkaure is almost destroyed.
Menkaure shouts!
Casting: Stone Arrow (dangerous; 3% risk of failure)
Confirm with . or Enter, or press ? or * to list all spells.
Aiming: Stone Arrow (dangerous; 3% risk of failure)
Press: ? - help, Shift-Dir - straight line, f/p - Menkaure
Aim: Menkaure (almost destroyed, 88% to hit)
You feel a surge of power!
The stone arrow hits Menkaure!!
You destroy Menkaure!
You now have 186 gold pieces (gained 9).
There is a stone staircase leading up here.
Magic restored.
Things that are here:
a +0 mace; an orc skeleton You see here a +0 dagger.
You now have 190 gold pieces (gained 4).
Things that are here:
a +0 hand axe; an orc skeleton
Things that are here:
a +0 robe; a +0 dagger; an orc skeleton
(D) Dungeon
Where to? (Enter - D:4 @ (x,y), ? - help)
Okay, then.
You now have 202 gold pieces (gained 12).
You pick up a book of Unlife and begin reading...
You add the spells Animate Dead, Borgnjor's Vile Clutch and Death Channel to your library.
n - 83 stones (gained 24)
An ice beast comes into view.
Found 23 gold pieces.
Casting: Stone Arrow (dangerous; 3% risk of failure)
Confirm with . or Enter, or press ? or * to list all spells.
You can't see any susceptible monsters within range! (Use Z to cast anyway.) Unknown command.
Casting: Stone Arrow (dangerous; 3% risk of failure)
Confirm with . or Enter, or press ? or * to list all spells.
You can't see any susceptible monsters within range! (Use Z to cast anyway.) Unknown command.
A jackal comes into view.
You are too injured to fight recklessly!
Unknown command.
Casting: Stone Arrow (dangerous; 3% risk of failure)
Confirm with . or Enter, or press ? or * to list all spells.
Aiming: Sandblast (safe; 1% risk of failure)
Press: ? - help, Shift-Dir - straight line, f - gnoll
Aim: a gnoll, wielding a +0 spear (86% to hit)
You feel a surge of power!
The blast of sand hits the gnoll!
You kill the gnoll!
Casting: Sandblast (safe; 1% risk of failure)
Confirm with . or Enter, or press ? or * to list all spells.
You don't know that spell.
Casting: Sandblast (safe; 1% risk of failure)
Confirm with . or Enter, or press ? or * to list all spells.
Aiming: Sandblast (safe; 1% risk of failure)
Press: ? - help, Shift-Dir - straight line, f - jackal
Aim: a jackal (80% to hit)
You feel a surge of power!
The blast of sand hits the jackal!!
You kill the jackal!
The gnoll shouts!
Casting: Sandblast (safe; 1% risk of failure)
Confirm with . or Enter, or press ? or * to list all spells.
Aiming: Sandblast (safe; 1% risk of failure)
Press: ? - help, Shift-Dir - straight line, f - gnoll
Aim: a gnoll, wielding a +0 whip (86% to hit)
You feel a surge of power!
The blast of sand hits the gnoll.
The gnoll is moderately wounded.
A sky beast comes into view.
Casting: Sandblast (safe; 1% risk of failure)
Confirm with . or Enter, or press ? or * to list all spells.
Aiming: Sandblast (safe; 1% risk of failure)
Press: ? - help, Shift-Dir - straight line, f/p - gnoll
Aim: a gnoll, wielding a +0 whip (moderately wounded, 86% to hit)
You feel a surge of power!
The blast of sand hits the gnoll!
The gnoll is almost dead.
Casting: Sandblast (safe; 1% risk of failure)
Confirm with . or Enter, or press ? or * to list all spells.
Aiming: Sandblast (safe; 1% risk of failure)
Press: ? - help, Shift-Dir - straight line, f/p - gnoll
Aim: a gnoll, wielding a +0 whip (almost dead, 86% to hit)
You feel a surge of power!
The blast of sand hits the gnoll!!
You kill the gnoll!
Casting: Sandblast (safe; 1% risk of failure)
Confirm with . or Enter, or press ? or * to list all spells.
Aiming: Stone Arrow (dangerous; 3% risk of failure)
Press: ? - help, Shift-Dir - straight line, f - ice beast
Aim: an ice beast (76% to hit)
You feel a surge of power!
The stone arrow hits the ice beast!!
The ice beast is almost dead.
You hear a shout!
Casting: Stone Arrow (dangerous; 3% risk of failure)
Confirm with . or Enter, or press ? or * to list all spells.
Aiming: Sandblast (safe; 1% risk of failure)
Press: ? - help, Shift-Dir - straight line, f/p - ice beast
Aim: an ice beast (almost dead, 84% to hit)
You feel a surge of power!
The blast of sand hits the ice beast!!
You kill the ice beast!
Casting: Sandblast (safe; 1% risk of failure)
Confirm with . or Enter, or press ? or * to list all spells.
Aiming: Sandblast (safe; 1% risk of failure)
Press: ? - help, Shift-Dir - straight line, f - sky beast
Aim: a sky beast (78% to hit)
You feel a surge of power!
The blast of sand hits the sky beast!
The sky beast is heavily wounded.
Casting: Sandblast (safe; 1% risk of failure)
Confirm with . or Enter, or press ? or * to list all spells.
Aiming: Sandblast (safe; 1% risk of failure)
Press: ? - help, Shift-Dir - straight line, f/p - sky beast
Aim: a sky beast (heavily wounded, 78% to hit)
You feel a surge of power!
The blast of sand hits the sky beast!
The sky beast is almost dead.
Casting: Sandblast (safe; 1% risk of failure)
Confirm with . or Enter, or press ? or * to list all spells.
Aiming: Sandblast (safe; 1% risk of failure)
Press: ? - help, Shift-Dir - straight line, f/p - sky beast
Aim: a sky beast (almost dead, 78% to hit)
You feel a surge of power!
The blast of sand hits the sky beast!
You kill the sky beast!
* * * LOW MAGIC WARNING * * *
Your Axes skill increases to level 5!
Your Spellcasting skill increases to level 4!
Your Earth Magic skill increases to level 9!
Casting: Sandblast (safe; 1% risk of failure)
Confirm with . or Enter, or press ? or * to list all spells.
Aiming: Sandblast (safe; 1% risk of failure)
Press: ? - help, Shift-Dir - straight line, f - gnoll
Aim: a gnoll, wielding a +2 whip of venom and wearing a +0 leather armour (86% to hit)
You feel a surge of power!
The blast of sand hits the gnoll!
The gnoll is severely wounded.
* * * LOW MAGIC WARNING * * *
The gnoll barely misses you.
Casting: Sandblast (safe; 1% risk of failure)
Confirm with . or Enter, or press ? or * to list all spells.
Aiming: Sandblast (safe; 1% risk of failure)
Press: ? - help, Shift-Dir - straight line, f/p - gnoll
Aim: a gnoll, wielding a +2 whip of venom and wearing a +0 leather armour (severely wounded, 86% to hit)
You feel a surge of power!
The blast of sand hits the gnoll!
You kill the gnoll!
* * * LOW MAGIC WARNING * * *
Things that are here:
a +2 whip of venom; a +0 leather armour A scorpion comes into view.
A scorpion is nearby!
A scorpion is nearby!
A scorpion is nearby!
u - a +2 whip of venom
Casting: Sandblast (safe; 1% risk of failure)
Confirm with . or Enter, or press ? or * to list all spells.
You don't have enough magic to cast this spell.
Unknown command.
Casting: Sandblast (safe; 1% risk of failure)
Confirm with . or Enter, or press ? or * to list all spells.
Aiming: Sandblast (safe; 1% risk of failure)
Press: ? - help, Shift-Dir - straight line, f - scorpion
Aim: a scorpion (wandering, hasn't noticed you, 84% to hit)
You feel a surge of power!
The blast of sand hits the scorpion!
The scorpion is moderately wounded.
* * * LOW MAGIC WARNING * * *
Casting: Sandblast (safe; 1% risk of failure)
Confirm with . or Enter, or press ? or * to list all spells.
Aiming: Sandblast (safe; 1% risk of failure)
Press: ? - help, Shift-Dir - straight line, f/p - scorpion
Aim: a scorpion (moderately wounded, 84% to hit)
You feel a surge of power!
The blast of sand hits the scorpion!!
You kill the scorpion!
* * * LOW MAGIC WARNING * * *
You start resting.
An orc is nearby!
There is a stone staircase leading up here.
You start resting.
An orc is nearby!
The orc shouts!
Casting: Sandblast (safe; 1% risk of failure)
Confirm with . or Enter, or press ? or * to list all spells.
Aiming: Stone Arrow (dangerous; 2% risk of failure)
Press: ? - help, Shift-Dir - straight line, f - orc
Aim: an orc, wielding a +0 flail (76% to hit)
You feel a surge of power!
The stone arrow misses the orc.
Casting: Stone Arrow (dangerous; 2% risk of failure)
Confirm with . or Enter, or press ? or * to list all spells.
Aiming: Stone Arrow (dangerous; 2% risk of failure)
Press: ? - help, Shift-Dir - straight line, f/p - orc
Aim: an orc, wielding a +0 flail (76% to hit)
You feel a surge of power!
The stone arrow hits the orc!!
You kill the orc!
Magic restored.
You now have 212 gold pieces (gained 10).
You see here a +0 flail.
Things that are here:
a +0 robe; a +0 dagger You now have 227 gold pieces (gained 15).
v - a +0 helmet You see here a +0 mace.
A gnoll is nearby!
A gnoll is nearby!
Casting: Stone Arrow (dangerous; 2% risk of failure)
Confirm with . or Enter, or press ? or * to list all spells.
Aiming: Stone Arrow (dangerous; 2% risk of failure)
Press: ? - help, Shift-Dir - straight line, f - gnoll
Aim: a gnoll, wielding a +0 flail and quivering 2 throwing nets (wandering, hasn't noticed you, 79% to hit)
You feel a surge of power!
You miscast Stone Arrow.
You are very lightly contaminated with residual magic.
Nothing appears to happen.
The gnoll shouts!
You hear a shout! x3
Casting: Stone Arrow (dangerous; 2% risk of failure)
Confirm with . or Enter, or press ? or * to list all spells.
Aiming: Stone Arrow (dangerous; 2% risk of failure)
Press: ? - help, Shift-Dir - straight line, f/p - gnoll
Aim: a gnoll, wielding a +0 flail and quivering 2 throwing nets (79% to hit)
You feel a surge of power!
The stone arrow misses the gnoll.
A gnoll comes into view. It is wielding a +0 flail.
The gnoll throws a throwing net.
The throwing net misses you.
Casting: Stone Arrow (dangerous; 2% risk of failure)
Confirm with . or Enter, or press ? or * to list all spells.
Aiming: Stone Arrow (dangerous; 2% risk of failure)
Press: ? - help, Shift-Dir - straight line, f/p - gnoll
Aim: a gnoll, wielding a +0 flail and quivering a throwing net (79% to hit)
You feel a surge of power!
The stone arrow hits the gnoll!
You kill the gnoll!
Casting: Stone Arrow (dangerous; 2% risk of failure)
Confirm with . or Enter, or press ? or * to list all spells.
Aiming: Stone Arrow (dangerous; 2% risk of failure)
Press: ? - help, Shift-Dir - straight line, f - gnoll
Aim: a gnoll, wielding a +0 flail (79% to hit)
You feel a surge of power!
The stone arrow hits the gnoll!!
You kill the gnoll!
* * * LOW MAGIC WARNING * * *
You start resting.
Your magical contamination has completely faded away.
A gnoll comes into view. It is wielding a +0 spear.
A gnoll is nearby!
Casting: Stone Arrow (dangerous; 2% risk of failure)
Confirm with . or Enter, or press ? or * to list all spells.
Aiming: Stone Arrow (dangerous; 2% risk of failure)
Press: ? - help, Shift-Dir - straight line, f - gnoll
Aim: a gnoll, wielding a +0 spear (wandering, hasn't noticed you, 79% to hit)
You feel a surge of power!
The stone arrow hits the gnoll!
You kill the gnoll!
Your Shields skill increases to level 3!
Magic restored.
A gnoll comes into view. It is wielding a +0 whip.
Things that are here:
a +0 spear; a throwing net; a gnoll corpse A gnoll is nearby!
A gnoll is nearby!
Casting: Stone Arrow (dangerous; 2% risk of failure)
Confirm with . or Enter, or press ? or * to list all spells.
Aiming: Stone Arrow (dangerous; 2% risk of failure)
Press: ? - help, Shift-Dir - straight line, f - gnoll
Aim: a gnoll, wielding a +0 whip (wandering, hasn't noticed you, 79% to hit)
You feel a surge of power!
The stone arrow hits the gnoll!
The gnoll is severely wounded.
The gnoll shouts!
Casting: Stone Arrow (dangerous; 2% risk of failure)
Confirm with . or Enter, or press ? or * to list all spells.
Aiming: Stone Arrow (dangerous; 2% risk of failure)
Press: ? - help, Shift-Dir - straight line, f/p - gnoll
Aim: a gnoll, wielding a +0 whip (severely wounded, 79% to hit)
You feel a surge of power!
The stone arrow misses the gnoll.
A gnoll is nearby!
A gnoll is nearby!
A gnoll is nearby!
Casting: Stone Arrow (dangerous; 2% risk of failure)
Confirm with . or Enter, or press ? or * to list all spells.
Aiming: Stone Arrow (dangerous; 2% risk of failure)
Press: ? - help, Shift-Dir - straight line, f/p - gnoll
Aim: a gnoll, wielding a +0 whip (severely wounded, 79% to hit)
You feel a surge of power!
The stone arrow hits the gnoll!
You kill the gnoll!
Key pressed, stopping explore.
w - a throwing net
Things that are here:
a +0 spear; a gnoll corpse You see here a +0 whip.
w - 2 throwing nets (gained 1);
x - a scroll labelled NOLU UTONLUKLI
Things that are here:
a +0 flail; a gnoll corpse
Things that are here:
a +0 flail; a gnoll corpse
Found Sonkahez's Weapon Shoppe.
You see here a +0 flail.
There is an entrance to Sonkahez's Weapon Shoppe here.
A gnoll comes into view. It is wielding a +0 club.
The gnoll shouts!
A gnoll is nearby!
A gnoll is nearby!
You are too injured to fight recklessly!
Casting: Stone Arrow (dangerous; 2% risk of failure)
Confirm with . or Enter, or press ? or * to list all spells.
Aiming: Sandblast (safe; 1% risk of failure)
Press: ? - help, Shift-Dir - straight line, f - gnoll
Aim: a gnoll, wielding a +0 club (86% to hit)
You feel a surge of power!
The blast of sand misses the gnoll.
A gnoll is nearby!
A gnoll is nearby!
Casting: Sandblast (safe; 1% risk of failure)
Confirm with . or Enter, or press ? or * to list all spells.
Aiming: Sandblast (safe; 1% risk of failure)
Press: ? - help, Shift-Dir - straight line, f/p - gnoll
Aim: a gnoll, wielding a +0 club (86% to hit)
You feel a surge of power!
The blast of sand hits the gnoll!
The gnoll is severely wounded.
The gnoll misses you.
A gnoll is nearby!
A gnoll is nearby!
Casting: Sandblast (safe; 1% risk of failure)
Confirm with . or Enter, or press ? or * to list all spells.
Aiming: Sandblast (safe; 1% risk of failure)
Press: ? - help, Shift-Dir - straight line, f/p - gnoll
Aim: a gnoll, wielding a +0 club (severely wounded, 86% to hit)
You feel a surge of power!
The blast of sand misses the gnoll.
The gnoll barely misses you.
A gnoll is nearby!
A gnoll is nearby!
A gnoll is nearby!
Casting: Sandblast (safe; 1% risk of failure)
Confirm with . or Enter, or press ? or * to list all spells.
Aiming: Sandblast (safe; 1% risk of failure)
Press: ? - help, Shift-Dir - straight line, f/p - gnoll
Aim: a gnoll, wielding a +0 club (severely wounded, 86% to hit)
You feel a surge of power!
The blast of sand hits the gnoll.
You kill the gnoll!
Found Wasamawe's Antique Armour Boutique.
You see here a +0 club.
There is an entrance to Wasamawe's Antique Armour Boutique here.
A gnoll comes into view. It is wielding a +0 halberd.
A gnoll is nearby!
You are too injured to fight recklessly!
Found a blue potion.
Casting: Sandblast (safe; 1% risk of failure)
Confirm with . or Enter, or press ? or * to list all spells.
You can't see any susceptible monsters within range! (Use Z to cast anyway.) Unknown command.
A wyvern skeleton comes into view.
The gnoll shouts!
You hear a shout!
Casting: Sandblast (safe; 1% risk of failure)
Confirm with . or Enter, or press ? or * to list all spells.
Aiming: Stone Arrow (dangerous; 2% risk of failure)
Press: ? - help, Shift-Dir - straight line, f - wyvern skeleton
Aim: a wyvern skeleton (98% to hit)
You feel a surge of power!
The stone arrow hits the wyvern skeleton!!
The wyvern skeleton is heavily damaged.
A gnoll comes into view. It is wielding a +0 flail.
Casting: Stone Arrow (dangerous; 2% risk of failure)
Confirm with . or Enter, or press ? or * to list all spells.
Aiming: Stone Arrow (dangerous; 2% risk of failure)
Press: ? - help, Shift-Dir - straight line, f - gnoll
Aim: a gnoll, wielding a +0 halberd (79% to hit)
You feel a surge of power!
The stone arrow hits the gnoll!
The gnoll is almost dead.
Casting: Stone Arrow (dangerous; 2% risk of failure)
Confirm with . or Enter, or press ? or * to list all spells.
Aiming: Stone Arrow (dangerous; 2% risk of failure)
Press: ? - help, Shift-Dir - straight line, f/p - gnoll
Aim: a gnoll, wielding a +0 halberd (almost dead, 79% to hit)
You feel a surge of power!
The stone arrow hits the gnoll!
You kill the gnoll!
A gnoll comes into view. It is wielding a +0 flail.
Casting: Stone Arrow (dangerous; 2% risk of failure)
Confirm with . or Enter, or press ? or * to list all spells.
Aiming: Sandblast (safe; 1% risk of failure)
Press: ? - help, Shift-Dir - straight line, f - gnoll
Aim: a gnoll, wielding a +0 flail (86% to hit)
You feel a surge of power!
The blast of sand hits the gnoll!
You kill the gnoll!
Casting: Sandblast (safe; 1% risk of failure)
Confirm with . or Enter, or press ? or * to list all spells.
Aiming: Sandblast (safe; 1% risk of failure)
Press: ? - help, Shift-Dir - straight line, f - wyvern skeleton
Aim: a wyvern skeleton (heavily damaged, 98% to hit)
You feel a surge of power!
The blast of sand hits the wyvern skeleton!!!
You destroy the wyvern skeleton!
You see here a +0 flail.
Things that are here:
a +0 halberd; a gnoll corpse
Found a trident.
g - 4 blue potions (gained 1)
Found a stone staircase leading down.
A gnoll comes into view. It is wielding a +0 spear.
You see here a scroll labelled AJUUFU UCEO.
A gnoll is nearby!
A gnoll is nearby!
You are too injured to fight recklessly!
A gnoll comes into view. It is wielding a +2 flail of draining.
A hound comes into view.
The hound barks!
You hear a shout! x2
A jackal comes into view.
Casting: Sandblast (safe; 1% risk of failure)
Confirm with . or Enter, or press ? or * to list all spells.
You don't know that spell.
You see here a scroll labelled AJUUFU UCEO.
There is a stone staircase leading down here.
Casting: Sandblast (safe; 1% risk of failure)
Confirm with . or Enter, or press ? or * to list all spells.
Aiming: Stone Arrow (dangerous; 2% risk of failure)
Press: ? - help, Shift-Dir - straight line, f - hound
Aim: a hound (67% to hit)
You feel a surge of power!
The stone arrow hits the hound!!
You kill the hound!
A gnoll comes into view. It is wielding a +0 halberd.
A gnoll is nearby!
A gnoll is nearby!
A gnoll is nearby!
Casting: Stone Arrow (dangerous; 2% risk of failure)
Confirm with . or Enter, or press ? or * to list all spells.
Aiming: Stone Arrow (dangerous; 2% risk of failure)
Press: ? - help, Shift-Dir - straight line, f - gnoll
Aim: a gnoll, wielding a +0 halberd (79% to hit)
You feel a surge of power!
The stone arrow hits the gnoll!
You kill the gnoll!
A wolf comes into view.
A wolf is nearby!
A wolf is nearby!
h - 2 scrolls labelled AJUUFU UCEO (gained 1)
A hound comes into view.
A hound is nearby!
A hound is nearby!
The hound barks!
A bullfrog zombie comes into view.
Casting: Stone Arrow (dangerous; 2% risk of failure)
Confirm with . or Enter, or press ? or * to list all spells.
Aiming: Stone Arrow (dangerous; 2% risk of failure)
Press: ? - help, Shift-Dir - straight line, f - bullfrog zombie
Aim: a bullfrog zombie (85% to hit)
You feel a surge of power!
The stone arrow hits the bullfrog zombie!!
The bullfrog zombie is heavily damaged.
The bullfrog zombie closely misses you. The hound bites you but does no damage.
The bullfrog zombie misses you.
Casting: Stone Arrow (dangerous; 2% risk of failure)
Confirm with . or Enter, or press ? or * to list all spells.
Aiming: Stone Arrow (dangerous; 2% risk of failure)
Press: ? - help, Shift-Dir - straight line, f/p - bullfrog zombie
Aim: a bullfrog zombie (heavily damaged, 85% to hit)
You feel a surge of power!
The stone arrow hits the bullfrog zombie!
The bullfrog zombie is almost destroyed.
The hound misses you. The bullfrog zombie barely misses you.
The hound bites you.
Casting: Stone Arrow (dangerous; 2% risk of failure)
Confirm with . or Enter, or press ? or * to list all spells.
Aiming: Stone Arrow (dangerous; 2% risk of failure)
Press: ? - help, Shift-Dir - straight line, f/p - bullfrog zombie
Aim: a bullfrog zombie (almost destroyed, 85% to hit)
You feel a surge of power!
The stone arrow hits the bullfrog zombie!!
You destroy the bullfrog zombie!
The hound misses you.
Casting: Stone Arrow (dangerous; 2% risk of failure)
Confirm with . or Enter, or press ? or * to list all spells.
Aiming: Stone Arrow (dangerous; 2% risk of failure)
Press: ? - help, Shift-Dir - straight line, f - hound
Aim: a hound (67% to hit)
You feel a surge of power!
The stone arrow hits the hound!
The hound is almost dead.
* * * LOW MAGIC WARNING * * *
The hound bites you.
* * * LOW HITPOINT WARNING * * *
The hound misses you.
Casting: Stone Arrow (dangerous; 2% risk of failure)
Confirm with . or Enter, or press ? or * to list all spells.
You don't have enough magic to cast this spell.
Unknown command.
Casting: Stone Arrow (dangerous; 2% risk of failure)
Confirm with . or Enter, or press ? or * to list all spells.
Aiming: Sandblast (safe; 1% risk of failure)
Press: ? - help, Shift-Dir - straight line, f/p - hound
Aim: a hound (almost dead, 78% to hit)
You feel a surge of power!
The blast of sand hits the hound!
You kill the hound!
* * * LOW MAGIC WARNING * * *
You start resting.
A gnoll is nearby!
There is a stone staircase leading up here.
You start resting.
Magic restored.
You are too injured to fight recklessly!
Found a stone staircase leading down.
You see here a +0 whip.
You see here a +0 spear.
A gnoll is nearby!
A gnoll is nearby!
You are too injured to fight recklessly!
You are too injured to fight recklessly!
You are too injured to fight recklessly!
A jackal comes into view.
The jackal moves out of view.
A jackal comes into view.
Casting: Sandblast (safe; 1% risk of failure)
Confirm with . or Enter, or press ? or * to list all spells.
You don't know that spell.
Casting: Sandblast (safe; 1% risk of failure)
Confirm with . or Enter, or press ? or * to list all spells.
Aiming: Stone Arrow (dangerous; 2% risk of failure)
Press: ? - help, Shift-Dir - straight line, f - jackal
Aim: a jackal (wandering, hasn't noticed you, 70% to hit)
You feel a surge of power!
The stone arrow hits the jackal!!
You kill the jackal!
The gnoll shouts!
The wolf howls!
Casting: Stone Arrow (dangerous; 2% risk of failure)
Confirm with . or Enter, or press ? or * to list all spells.
Aiming: Stone Arrow (dangerous; 2% risk of failure)
Press: ? - help, Shift-Dir - straight line, f - gnoll
Aim: a gnoll, wielding a +0 spear (79% to hit)
You feel a surge of power!
The stone arrow hits the gnoll!!
You kill the gnoll!
Casting: Stone Arrow (dangerous; 2% risk of failure)
Confirm with . or Enter, or press ? or * to list all spells.
Aiming: Stone Arrow (dangerous; 2% risk of failure)
Press: ? - help, Shift-Dir - straight line, f - wolf
Aim: a wolf (60% to hit)
You feel a surge of power!
The stone arrow hits the wolf.
The wolf is moderately wounded.
Casting: Stone Arrow (dangerous; 2% risk of failure)
Confirm with . or Enter, or press ? or * to list all spells.
Aiming: Stone Arrow (dangerous; 2% risk of failure)
Press: ? - help, Shift-Dir - straight line, f/p - wolf
Aim: a wolf (moderately wounded, 60% to hit)
You feel a surge of power!
The stone arrow misses the wolf.
* * * LOW MAGIC WARNING * * *
The wolf closely misses you. The wolf barely misses you. The wolf bites you!
* * * LOW HITPOINT WARNING * * *
Casting: Stone Arrow (dangerous; 2% risk of failure)
Confirm with . or Enter, or press ? or * to list all spells.
Aiming: Stone Arrow (dangerous; 2% risk of failure)
Press: ? - help, Shift-Dir - straight line, f/p - wolf
Aim: a wolf (moderately wounded, 60% to hit)
You feel a surge of power!
The stone arrow hits the wolf!!
You kill the wolf!
* * * LOW MAGIC WARNING * * *
There is a stone staircase leading up here.
You start resting.
Bande's ghost turns its malevolent gaze towards you.
Magic restored.
(D) Dungeon
Where to? (Enter - D:4 @ (x,y), ? - help)
Okay, then.
Things that are here:
a +0 robe; a +0 club A jackal is nearby!
Unknown command.
You are too injured to fight recklessly!
The jackal barks!
Casting: Stone Arrow (dangerous; 2% risk of failure)
Confirm with . or Enter, or press ? or * to list all spells.
Aiming: Stone Arrow (dangerous; 2% risk of failure)
Press: ? - help, Shift-Dir - straight line, f - jackal
Aim: a jackal (70% to hit)
You feel a surge of power!
The stone arrow hits the jackal!
You kill the jackal!
The gnoll shouts!
The jackal barks!
Casting: Stone Arrow (dangerous; 2% risk of failure)
Confirm with . or Enter, or press ? or * to list all spells.
You can't see any susceptible monsters within range! (Use Z to cast anyway.) Unknown command.
Casting: Stone Arrow (dangerous; 2% risk of failure)
Confirm with . or Enter, or press ? or * to list all spells.
You can't see any susceptible monsters within range! (Use Z to cast anyway.) Unknown command.
Casting: Stone Arrow (dangerous; 2% risk of failure)
Confirm with . or Enter, or press ? or * to list all spells.
Aiming: Sandblast (safe; 1% risk of failure)
Press: ? - help, Shift-Dir - straight line, f - gnoll
Aim: a gnoll, wielding a +2 flail of draining (86% to hit)
You feel a surge of power!
The blast of sand hits the gnoll.
The gnoll is moderately wounded.
Casting: Sandblast (safe; 1% risk of failure)
Confirm with . or Enter, or press ? or * to list all spells.
Aiming: Sandblast (safe; 1% risk of failure)
Press: ? - help, Shift-Dir - straight line, f/p - gnoll
Aim: a gnoll, wielding a +2 flail of draining (moderately wounded, 86% to hit)
You feel a surge of power!
The blast of sand hits the gnoll!
You kill the gnoll!
The jackal barely misses you.
Casting: Sandblast (safe; 1% risk of failure)
Confirm with . or Enter, or press ? or * to list all spells.
Aiming: Sandblast (safe; 1% risk of failure)
Press: ? - help, Shift-Dir - straight line, f - jackal
Aim: a jackal (80% to hit)
You feel a surge of power!
The blast of sand hits the jackal!!
You kill the jackal!
Things that are here:
a +0 spear; a gnoll corpse A gnoll comes into view.
It is wielding a +0 flail.
A gnoll is nearby!
A gnoll is nearby!
The gnoll shouts!
A gnoll comes into view. It is wielding a +0 flail.
Casting: Sandblast (safe; 1% risk of failure)
Confirm with . or Enter, or press ? or * to list all spells.
Aiming: Sandblast (safe; 1% risk of failure)
Press: ? - help, Shift-Dir - straight line, f - gnoll
Aim: a gnoll, wielding a +0 flail (86% to hit)
You feel a surge of power!
The blast of sand hits the gnoll.
The gnoll is lightly wounded.
The gnoll shouts!
Casting: Sandblast (safe; 1% risk of failure)
Confirm with . or Enter, or press ? or * to list all spells.
Aiming: Sandblast (safe; 1% risk of failure)
Press: ? - help, Shift-Dir - straight line, f/p - gnoll
Aim: a gnoll, wielding a +0 flail (lightly wounded, 86% to hit)
You feel a surge of power!
The blast of sand hits the gnoll!
You kill the gnoll!
Casting: Sandblast (safe; 1% risk of failure)
Confirm with . or Enter, or press ? or * to list all spells.
You can't see any susceptible monsters within range! (Use Z to cast anyway.) Unknown command.
Casting: Sandblast (safe; 1% risk of failure)
Confirm with . or Enter, or press ? or * to list all spells.
Aiming: Sandblast (safe; 1% risk of failure)
Press: ? - help, Shift-Dir - straight line, f - gnoll
Aim: a gnoll, wielding a +0 flail (86% to hit)
You feel a surge of power!
The blast of sand hits the gnoll!!
You kill the gnoll!
Casting: Sandblast (safe; 1% risk of failure)
Confirm with . or Enter, or press ? or * to list all spells.
You don't know that spell.
You now have 236 gold pieces (gained 9).
You see here a +0 bardiche.
y - a scroll labelled XENUIBLUKAU You see here a +0 bardiche.
You open the large door.
A hound and a gnoll shaman come into view.
There are monsters nearby!
You feel much better.
Casting: Sandblast (safe; 1% risk of failure)
Confirm with . or Enter, or press ? or * to list all spells.
Aiming: Stone Arrow (dangerous; 2% risk of failure)
Press: ? - help, Shift-Dir - straight line, f - hound
Aim: a hound (asleep, 100% to hit)
You feel a surge of power!
The stone arrow hits the hound!!
You kill the hound!
Casting: Stone Arrow (dangerous; 2% risk of failure)
Confirm with . or Enter, or press ? or * to list all spells.
You can't see any susceptible monsters within range! (Use Z to cast anyway.) Unknown command.
Casting: Stone Arrow (dangerous; 2% risk of failure)
Confirm with . or Enter, or press ? or * to list all spells.
Aiming: Stone Arrow (dangerous; 2% risk of failure)
Press: ? - help, Shift-Dir - straight line, f - gnoll shaman
Aim: a gnoll shaman, wielding a +0 whip and wearing a +0 leather armour (wandering, hasn't noticed you, 79% to hit)
You feel a surge of power!
The stone arrow misses the gnoll shaman.
The gnoll shaman shouts!
Casting: Stone Arrow (dangerous; 2% risk of failure)
Confirm with . or Enter, or press ? or * to list all spells.
Aiming: Stone Arrow (dangerous; 2% risk of failure)
Press: ? - help, Shift-Dir - straight line, f/p - gnoll shaman
Aim: a gnoll shaman, wielding a +0 whip and wearing a +0 leather armour (79% to hit)
You feel a surge of power!
The stone arrow hits the gnoll shaman!
The gnoll shaman is severely wounded.
Casting: Stone Arrow (dangerous; 2% risk of failure)
Confirm with . or Enter, or press ? or * to list all spells.
Aiming: Stone Arrow (dangerous; 2% risk of failure)
Press: ? - help, Shift-Dir - straight line, f/p - gnoll shaman
Aim: a gnoll shaman, wielding a +0 whip and wearing a +0 leather armour (severely wounded, 79% to hit)
You feel a surge of power!
The stone arrow hits the gnoll shaman!
You kill the gnoll shaman!
* * * LOW MAGIC WARNING * * *
You have reached level 9!
Your experience leads to an increase in your attributes!
Increase (S)trength, (I)ntelligence, or (D)exterity?
You feel clever.
Your attunement to dungeon structure grows.
You start resting.
Magic restored.
There is a large open door here.
Things that are here:
a +0 whip; a +0 leather armour; a gnoll corpse You open the door.
Found 6 gold pieces and a scroll labelled OKHULUMYMM.
There is an open door here.
i - 3 scrolls labelled OKHULUMYMM (gained 1)
You now have 242 gold pieces (gained 6).
There is an open door here.
There is a large open door here.
Things that are here:
a +0 whip; a +0 leather armour; a gnoll corpse
z - a +4 ring of slaying Bande's ghost turns its malevolent gaze towards you.
An iguana comes into view.
An iguana is nearby!
An iguana is nearby!
You can't see any susceptible monsters within range! (Use Z to cast anyway.)
A necrophage comes into view.
Casting: Stone Arrow (safe; 1% risk of failure)
Confirm with . or Enter, or press ? or * to list all spells.
Aiming: Stone Arrow (safe; 1% risk of failure)
Press: ? - help, Shift-Dir - straight line, f - iguana
Aim: an iguana (79% to hit)
You feel a surge of power!
The stone arrow misses the iguana.
Casting: Stone Arrow (safe; 1% risk of failure)
Confirm with . or Enter, or press ? or * to list all spells.
Aiming: Stone Arrow (safe; 1% risk of failure)
Press: ? - help, Shift-Dir - straight line, f/p - iguana
Aim: an iguana (79% to hit)
You feel a surge of power!
The stone arrow hits the iguana!
The iguana is heavily wounded.
The gnoll shouts!
Casting: Stone Arrow (safe; 1% risk of failure)
Confirm with . or Enter, or press ? or * to list all spells.
Aiming: Stone Arrow (safe; 1% risk of failure)
Press: ? - help, Shift-Dir - straight line, f/p - iguana
Aim: an iguana (heavily wounded, 79% to hit)
You feel a surge of power!
The stone arrow hits the iguana!
You kill the iguana!
Casting: Stone Arrow (safe; 1% risk of failure)
Confirm with . or Enter, or press ? or * to list all spells.
Aiming: Stone Arrow (safe; 1% risk of failure)
Press: ? - help, Shift-Dir - straight line, f - necrophage
Aim: a necrophage (76% to hit)
You feel a surge of power!
The stone arrow hits the necrophage!!
The necrophage is almost destroyed.
The necrophage hits you.
The gnoll throws a throwing net.
The throwing net closely misses you. The necrophage misses you.
The quasit gives a chilling moan.
You hear a chilling moan.
The necrophage hits you.
You feel drained.
Casting: Stone Arrow (safe; 1% risk of failure)
Confirm with . or Enter, or press ? or * to list all spells.
Aiming: Sandblast (safe; 1% risk of failure)
Press: ? - help, Shift-Dir - straight line, f/p - necrophage
Aim: a necrophage (almost destroyed, 84% to hit)
You feel a surge of power!
The blast of sand hits the necrophage!
You destroy the necrophage!
* * * LOW MAGIC WARNING * * *
Your life force feels restored.
Casting: Sandblast (safe; 1% risk of failure)
Confirm with . or Enter, or press ? or * to list all spells.
Aiming: Sandblast (safe; 1% risk of failure)
Press: ? - help, Shift-Dir - straight line, f - gnoll
Aim: a gnoll, wielding a +0 flail (86% to hit)
You feel a surge of power!
The blast of sand hits the gnoll!
You kill the gnoll!
* * * LOW MAGIC WARNING * * *
Things that are here:
a +0 flail; a gnoll corpse You now have 253 gold pieces (gained 11).
Things that are here:
a +0 flail; a gnoll corpse
w - 3 throwing nets (gained 1)
Things that are here:
a +0 flail; a gnoll corpse
There is an open door, spattered with blood here.
The quasit gives a chilling moan. x2; You hear a chilling moan.
You see here a +0 spear.
As you open the large door, it creaks loudly!
A gnoll sergeant comes into view.
It is wielding a +2 trident of freezing.
The gnoll sergeant shouts!
Unknown command.
Casting: Sandblast (safe; 1% risk of failure)
Confirm with . or Enter, or press ? or * to list all spells.
Aiming: Stone Arrow (safe; 1% risk of failure)
Press: ? - help, Shift-Dir - straight line, f - gnoll sergeant
Aim: a gnoll sergeant, wielding a +2 trident of freezing, wearing a +0 scale mail and wearing a +0 kite shield (85% to hit)
You feel a surge of power!
The stone arrow hits the gnoll sergeant.
The gnoll sergeant is lightly wounded.
The gnoll sergeant hits you from afar with a +2 trident of freezing!
* * * LOW HITPOINT WARNING * * *
The gnoll sergeant freezes you.
Casting: Stone Arrow (safe; 1% risk of failure)
Confirm with . or Enter, or press ? or * to list all spells.
Aiming: Stone Arrow (safe; 1% risk of failure)
Press: ? - help, Shift-Dir - straight line, f/p - gnoll sergeant
Aim: a gnoll sergeant, wielding a +2 trident of freezing, wearing a +0 scale mail and wearing a +0 kite shield (lightly wounded, 85% to hit)
You feel a surge of power!
The stone arrow hits the gnoll sergeant.
The gnoll sergeant is moderately wounded.
The gnoll sergeant barely misses you.
Casting: Stone Arrow (safe; 1% risk of failure)
Confirm with . or Enter, or press ? or * to list all spells.
Aiming: Stone Arrow (safe; 1% risk of failure)
Press: ? - help, Shift-Dir - straight line, f/p - gnoll sergeant
Aim: a gnoll sergeant, wielding a +2 trident of freezing, wearing a +0 scale mail and wearing a +0 kite shield (moderately wounded, 85% to hit)
You feel a surge of power!
You miscast Stone Arrow.
You are very lightly contaminated with residual magic.
Nothing appears to happen.
The gnoll sergeant hits you from afar with a +2 trident of freezing!
* * * LOW HITPOINT WARNING * * *
The gnoll sergeant freezes you!
* * * LOW HITPOINT WARNING * * *
Okay, then.
Okay, then.
Okay, then.
Unknown command.
Casting: Stone Arrow (safe; 1% risk of failure)
Confirm with . or Enter, or press ? or * to list all spells.
You don't know that spell.
Unknown command.
Casting: Stone Arrow (safe; 1% risk of failure)
Confirm with . or Enter, or press ? or * to list all spells.
Aiming: Stone Arrow (safe; 1% risk of failure)
Press: ? - help, Shift-Dir - straight line, f/p - gnoll sergeant
Aim: a gnoll sergeant, wielding a +2 trident of freezing, wearing a +0 scale mail and wearing a +0 kite shield (moderately wounded, 85% to hit)
You feel a surge of power!
The stone arrow hits the gnoll sergeant!
The gnoll sergeant is almost dead.
The gnoll sergeant hits you from afar with a +2 trident of freezing!
* * * LOW HITPOINT WARNING * * *
The gnoll sergeant freezes you.
* * * LOW HITPOINT WARNING * * *
Unknown command.
Casting: Stone Arrow (safe; 1% risk of failure)
Confirm with . or Enter, or press ? or * to list all spells.
Aiming: Sandblast (safe; 1% risk of failure)
Press: ? - help, Shift-Dir - straight line, f/p - gnoll sergeant
Aim: a gnoll sergeant, wielding a +2 trident of freezing, wearing a +0 scale mail and wearing a +0 kite shield (almost dead, 90% to hit)
You feel a surge of power!
The gnoll sergeant blocks the blast of sand.
* * * LOW MAGIC WARNING * * *
The gnoll sergeant hits you from afar with a +2 trident of freezing.
* * * LOW HITPOINT WARNING * * *
The gnoll sergeant freezes you.
Casting: Sandblast (safe; 1% risk of failure)
Confirm with . or Enter, or press ? or * to list all spells.
Aiming: Sandblast (safe; 1% risk of failure)
Press: ? - help, Shift-Dir - straight line, f/p - gnoll sergeant
Aim: a gnoll sergeant, wielding a +2 trident of freezing, wearing a +0 scale mail and wearing a +0 kite shield (almost dead, 90% to hit)
You feel a surge of power!
The blast of sand hits the gnoll sergeant.
The gnoll sergeant is almost dead.
* * * LOW MAGIC WARNING * * *
The gnoll sergeant hits you from afar with a +2 trident of freezing!
You die...

#.........................###....
##....#......#......).[...###.###
.##.####.....##..###..........###
.##)# ##....###..###..........#..
.##.###.....##...#............#.#
.#.)##...........#..............#
.)).#...#.....##.................
......####..#..#.....#.#.........
.#.....##.......@......##.###....
.#.#.........#''#......##[###.##.
.#..........##.g##....###..#..#..
##....##.#..##..##.....##.....##.
.#.....####..####...#.>#...##....
.......# #....##....#..#..###.##.
.......###.............#.###...##
...............#.........).......
.##.....#.....###.##.......#.#...


You could see a gnoll sergeant.

Vanquished Creatures
  Menkaure (D:5)
  2 water moccasins (D:4)
  A sky beast (D:5)
  An ice beast (D:5)
  2 ogres
  2 necrophages
  A wolf (D:5)
  A centaur (D:5)
  A scorpion (D:5)
  A wyvern skeleton (D:5)
  2 water moccasin skeletons (D:4)
  A bullfrog zombie (D:5)
  A jelly (D:4)
  3 hounds (D:5)
  An orc priest (D:5)
  2 gnoll shamans (D:5)
  Jessica (D:2)
  3 orc wizards
  Terence (D:2)
  4 iguanas
  6 adders
  22 gnolls
  A howler monkey skeleton (D:5)
  2 white imps (D:5)
  An adder zombie (D:5)
  2 worms (D:3)
  2 dart slugs
  8 orcs
  6 endoplasms
  2 giant cockroaches
  9 goblins
  8 hobgoblins
  13 jackals
  9 kobolds
  4 quokkas
  10 ball pythons
  8 bats
  4 frilled lizards
  3 rats
152 creatures vanquished.

Notes
Turn   | Place    | Note
-------+----------+-------------------------------------------
     0 | D:1      | sleeves the Deep Dwarf Earth Elementalist began the quest
                  | for the Orb.
     0 | D:1      | Reached XP level 1. HP: 15/15 MP: 3/3
   296 | D:1      | Reached XP level 2. HP: 16/22 MP: 2/4
   360 | D:1      | Reached skill level 5 in Earth Magic
   694 | D:1      | Reached XP level 3. HP: 16/28 MP: 1/5
   901 | D:1      | Reached skill level 6 in Earth Magic
   942 | D:1      | Learned a level 3 spell: Stone Arrow
  1036 | D:2      | Noticed Terence
  1153 | D:2      | Reached XP level 4. HP: 36/36 MP: 2/6
  1242 | D:2      | Reached skill level 1 in Conjurations
  1251 | D:2      | Noticed Jessica
  1255 | D:2      | Killed Jessica
  1341 | D:2      | Reached skill level 1 in Axes
  1348 | D:2      | Killed Terence
  1349 | D:2      | Reached XP level 5. HP: 37/42 MP: 0/7
  1530 | D:2      | Found Kigaxt's General Store.
  1831 | D:3      | HP: 19/42 [gnoll (3)]
  1836 | D:3      | Reached skill level 2 in Conjurations
  1841 | D:3      | Reached skill level 7 in Earth Magic
  1872 | D:3      | Reached skill level 2 in Axes
  1872 | D:3      | Reached skill level 2 in Spellcasting
  2566 | D:3      | Reached XP level 6. HP: 43/49 MP: 5/9
  3071 | D:4      | Noticed a water moccasin
  3079 | D:4      | Killed a water moccasin
  3319 | D:4      | Noticed a water moccasin
  3336 | D:4      | Killed a water moccasin
  3337 | D:4      | Reached skill level 3 in Axes
  3337 | D:4      | Reached XP level 7. HP: 44/55 MP: 0/11
  3352 | D:4      | Reached skill level 3 in Conjurations
  3444 | D:4      | Reached skill level 3 in Spellcasting
  3444 | D:4      | Reached skill level 8 in Earth Magic
  3562 | D:4      | Reached skill level 4 in Axes
  4108 | D:5      | Entered Level 5 of the Dungeon
  4181 | D:5      | Reached skill level 1 in Shields
  4360 | D:5      | Reached XP level 8. HP: 34/62 MP: 0/13
  4380 | D:4      | HP: 31/62 [something/magic dart (3)]
  4540 | D:5      | Found a large runed translucent door.
  4540 | D:5      | Found a large runed translucent door.
  4543 | D:5      | HP: 29/62 [centaur/arrow (2)]
  4599 | D:5      | Reached skill level 4 in Conjurations
  4604 | D:5      | Reached skill level 2 in Shields
  4691 | D:5      | Found Zulluc's Armour Boutique.
  4710 | D:5      | Noticed Menkaure
  4714 | D:5      | Killed Menkaure
  4813 | D:5      | Reached skill level 5 in Axes
  4813 | D:5      | Reached skill level 4 in Spellcasting
  4813 | D:5      | Reached skill level 9 in Earth Magic
  5113 | D:5      | Reached skill level 3 in Shields
  5239 | D:5      | Found Sonkahez's Weapon Shoppe.
  5305 | D:5      | Found Wasamawe's Antique Armour Boutique.
  5497 | D:5      | HP: 28/62 [hound (1)]
  5613 | D:5      | Noticed bande's ghost (novice GrFi)
  5634 | D:5      | HP: 19/62 [wolf (9)]
  5858 | D:5      | Gained mutation: You passively map the area around you.
                  | [Deep Dwarf growth]
  5858 | D:5      | Reached XP level 9. HP: 46/68 MP: 2/15
  6214 | D:5      | HP: 31/68 [gnoll sergeant (13)]
  6216 | D:5      | HP: 14/68 [gnoll sergeant (4)]
  6217 | D:5      | HP: 4/68 [gnoll sergeant (10)]
  6219 | D:5      | Slain by a gnoll sergeant

Illustrated notes

Levels and vault maps discovered:
D:1:      tarquinn_simple_flora_water_f, layout_basic
D:2:      layout_basic, serial_shops, shop, uniq_jessica, uniq_terence
D:3:      layout_loops_ring, minmay_checkerbox
D:4:      layout_rooms, minmay_misc_feat_x
D:5:      cheibrodos_quashed, layout_cave_pools, serial_gnoll_camp,
          gnoll_camp_mini_shop, gnoll_camp_mini_doghouse, gnoll_camp_mini_hut,
          gnoll_camp_mini_house, gnoll_camp_mini_shop,
          ebering_ghost_disaster_area, serial_shops, shop,
          kennysheep_generic_room_14, uniq_menkaure

Skill      XL: |  1  2  3  4  5  6  7  8 |
---------------+-------------------------+-----
Earth Magic    | 5 6 7 8 9 |  9.5
Conjurations   | 1 2 3 4 |  4.9
Axes           | 1 2 3 4 5 |  5.6
Spellcasting   | 2 3 4 |  4.5
Shields        | 1 3 |  3.7
Dodging        | |  2.1
Stealth        | |  2.4
Transmutations | |  0.8

Action                   |  1- 3 |  4- 6 |  7- 9 || total
-------------------------+-------+-------+-------++-------
Melee: Unarmed           |     9 |       |       ||     9
       Short sword       |     4 |       |       ||     4
       Spear             |     2 |       |       ||     2
       Trident           |     1 |   118 |       ||   119
       Staff             |       |     9 |    16 ||    25
 Cast: Sandblast         |    46 |    10 |    30 ||    86
       Stone Arrow       |       |    36 |    71 ||   107
 Abil: Heal Wounds       |     1 |     1 |     1 ||     3
Evoke: Wand              |       |     1 |     1 ||     2
 Stab: Sleeping          |     1 |     1 |       ||     2
Armor: Robe              |     6 |    47 |     5 ||    58
Dodge: Dodged            |    19 |   120 |    35 ||   174

Table legend: (Time is in decaauts)
 A = Elapsed time spent in this place.
 B = Non-inter-level travel time spent in this place.
 C = Inter-level travel time spent in this place.
 D = Time resting spent in this place.
 E = Time spent auto-exploring this place.
 F = Levels seen in this place.
 G = Mean time per level.
                   A        B        C        D        E       F      G
               +--------+--------+--------+--------+--------+-----+--------+
         Total |   6263 |   6050 |    213 |    987 |   3786 |   5 | 1252.6 |
       Dungeon |   6263 |   6050 |    213 |    987 |   3786 |   5 | 1252.6 |
               +--------+--------+--------+--------+--------+-----+--------+

Top non-repeatable levels by time:
     D:5: 1675 daAuts
     D:3: 1462 daAuts
     D:4: 1408 daAuts
     D:1: 1076 daAuts
     D:2: 641 daAuts
